 Dungeon Crawl Stone Soup version 0.19.1 (webtiles) character file.

207 Jerry the Slasher (level 5, -6/38 HPs)
             Began as a Demonspawn Skald on Dec 27, 2016.
             Mangled by an ogre
             ... wielding a cursed +0 giant club
              (10 damage)
             ... on level 4 of the Dungeon.
             The game lasted 00:07:42 (4804 turns).

Jerry the Slasher (Demonspawn Skald)                Turns: 4804, Time: 00:07:43

Health: -6/38      AC: 10    Str: 13    XL:     5   Next: 54%
Magic:  8/8        EV:  9    Int: 14    God:
Gold:   159        SH:  0    Dex: 12    Spells: 2 memorised, 4 levels left

rFire  . . .     SeeInvis .     a - +0 falchion
rCold  + . .     Gourm    .     h - +0 chain mail
rNeg   . . .     Faith    .     (no shield)
rPois  .         Spirit   .     x - +0 helmet
rElec  .         Reflect  .     (no cloak)
rCorr  .         Harm     .     (no gloves)
MR     .....                    (no boots)
Stlth  ..........               (no amulet)
                                v - +3 ring of evasion
                                s - ring of protection from cold

@: no status effects
A: nightstalker 2
a: no special abilities


You were on level 4 of the Dungeon.
You were not hungry.

You visited 1 branch of the dungeon, and saw 4 of its levels.

You collected 159 gold pieces.

Inventory:

Hand Weapons
 a - a +0 falchion (weapon)
 q - a +0 short sword of speed
Armour
 h - a +0 chain mail (worn)
 x - a +0 helmet (worn)
Jewellery
 s - a ring of protection from cold (left hand)
 v - a +3 ring of evasion (right hand)
Scrolls
 e - 2 scrolls of enchant armour {unknown}
 f - a scroll of fog {unknown}
 g - 6 scrolls of remove curse {unknown}
 i - a scroll of magic mapping {unknown}
 j - 2 scrolls of teleportation {unknown}
 k - 2 scrolls of random uselessness {unknown}
 l - 2 scrolls of enchant weapon {unknown}
 m - 5 scrolls of identify {unknown}
 p - a scroll of fear {unknown}
 u - a scroll of noise {unknown}
 w - a scroll of immolation {unknown}
Potions
 b - a potion of agility {unknown}
 n - a potion of ambrosia {unknown}
 o - a potion of lignification {unknown}
 r - 2 potions of berserk rage {unknown}
 t - 2 potions of might {unknown}
 A - a potion of heal wounds {unknown}
Books
 c - a book of Battle

   Spells                             Type                      Level
   a - Infusion                       Charms                       1
   b - Shroud of Golubria             Charms/Translocation         2
   c - Song of Slaying                Charms                       2
   d - Spectral Weapon                Hexes/Charms                 3
   e - Regeneration                   Charms/Necromancy            3
Comestibles
 d - 2 bread rations
 z - 4 fruits
 B - 2 meat rations
 C - 3 chunks of flesh


   Skills:
 - Level 2.0 Fighting
 + Level 3.3 Long Blades
 + Level 2.9 Armour
 + Level 2.9 Dodging
 - Level 2.0 Spellcasting
 - Level 2.6 Charms


You had 4 spell levels left.
You knew the following spells:

 Your Spells              Type           Power        Failure   Level  Hunger
a - Infusion              Chrm           #...         99%         1    ##.....
b - Regeneration          Chrm/Necr      #.........   100%        3    ####...


Dungeon Overview and Level Annotations

Branches:
Dungeon (4/15)
 Temple: D:4-7

Altars:
Cheibriados
Nemelex Xobeh


Innate Abilities, Weirdness & Mutations

You are significantly more attuned to the shadows.


Message History

You barely miss the ogre.
The ogre is moderately wounded.
You hit the ogre.
The ogre is heavily wounded.
The ogre closely misses you.
You closely miss the ogre.
The ogre is heavily wounded.
The ogre barely misses you.
You hit the ogre.
The ogre is heavily wounded.
The ogre hits you but does no damage.
You hit the ogre.
The ogre is severely wounded.
The ogre hits you with a giant club!
* * * LOW HITPOINT WARNING * * *
You are too injured to fight recklessly!
You hit the ogre.
The ogre is severely wounded.
The ogre hits you with a giant club!
You die...

.....
.....##
......#
......#
.....O##
.....@.#
#...##.#
#.. #.#
#. #.# #
#.#
#.#######
#.......#
#######.#
####.#


You could see an ogre.

Vanquished Creatures
  A worker ant (D:3)
  10 adders
  5 worms
  2 dart slugs (D:2)
  2 leopard geckos (D:1)
  2 orcs (D:3)
  6 bats
  5 giant cockroaches
  6 goblins
  10 hobgoblins
  10 kobolds
  3 frilled lizards
  15 rats
77 creatures vanquished.

Notes
Turn   | Place    | Note
-------+----------+-------------------------------------------
     0 | D:1      | Jerry the Demonspawn Skald began the quest for the Orb.
     0 | D:1      | Reached XP level 1. HP: 16/16 MP: 3/3
    11 | D:1      | Reached skill level 1 in Armour
    30 | D:1      | Reached skill level 1 in Dodging
   309 | D:1      | Reached skill level 2 in Long Blades
   350 | D:1      | Gained mutation: You are slightly more attuned to the shadows. [demonic ancestry]
   350 | D:1      | Reached XP level 2. HP: 7/22 MP: 5/5
  1247 | D:2      | Reached XP level 3. HP: 22/27 MP: 6/6
  1666 | D:2      | Reached XP level 4. HP: 32/33 MP: 7/7
  1731 | D:2      | Learned a level 3 spell: Regeneration
  2531 | D:2      | Reached skill level 3 in Long Blades
  2811 | D:2      | Found a sparkling altar of Nemelex Xobeh.
  3303 | D:3      | Gained mutation: You are significantly more attuned to the shadows. [demonic ancestry]
  3303 | D:3      | Reached XP level 5. HP: 30/38 MP: 8/8
  4677 | D:3      | Found a snail-covered altar of Cheibriados.
  4793 | D:4      | Noticed an ogre
  4804 | D:4      | Mangled by an ogre

Skill      XL: |  1  2  3  4 |
---------------+-------------+-----
Armour         | 1 2 |  2.9
Dodging        | 1 2 |  2.9
Long Blades    | 2 3 |  3.3
Fighting       | |  2.0
Spellcasting   | |  2.0
Charms         | |  2.6

Action                   |  1- 3 |  4- 6 || total
-------------------------+-------+-------++-------
Melee: Falchion          |    86 |   205 ||   291
       Short sword       |    98 |    62 ||   160
  Eat: Chunk             |     3 |    10 ||    13
Armor: Leather armour    |     4 |       ||     4
       Chain mail        |    97 |   123 ||   220
Dodge: Dodged            |    64 |   101 ||   165
       Rpst.: Falchion   |    12 |    23 ||    35
